 Dungeon Crawl Stone Soup version 0.18.1-48-g4cf74bf (webtiles) character file.

233 Joat the Skirmisher (level 5, -4/42 HPs)
             Began as a Demonspawn Fighter on Aug 6, 2016.
             Slain by Grinder (6 damage)
             ... on level 3 of the Dungeon.
             The game lasted 00:12:10 (2873 turns).

Joat the Skirmisher (Demonspawn Fighter)            Turns: 2873, Time: 00:12:10

Health: -4/42      AC: 11    Str: 16    XL:     5   Next: 75%
Magic:  14/14      EV:  5    Int: 11    God:
Gold:   104        SH: 11    Dex: 12    Spells: 0 memorised, 4 levels left

rFire  . . .     SeeInvis .     a - +0 war axe
rCold  . . .     Gourm    .     s - +0 chain mail
rNeg   . . .     Faith    .     c - +0 shield
rPois  .         Spirit   .     (no helmet)
rElec  .         Dismiss  .     (no cloak)
rCorr  .         Reflect  .     (no gloves)
SustAt .         Harm     .     (no boots)
MR     .....                    (no amulet)
Stlth  ..........               (no ring)
                                n - ring of magical power

@: not resistant to hostile enchantments, extremely unstealthy
A: talons 1, large bone plates 1, rot immunity
a: no special abilities


You were on level 3 of the Dungeon.
You were not hungry.

You visited 1 branch of the dungeon, and saw 3 of its levels.

You collected 104 gold pieces.

Inventory:

Hand Weapons
 a - a +0 war axe (weapon)
Missiles
 r - 6 poisoned tomahawks (quivered)
Armour
 c - a +0 shield (worn)
 s - a +0 chain mail (worn)
Jewellery
 n - a ring of magical power (left hand)
Scrolls
 e - a scroll of magic mapping {unknown}
 g - 2 scrolls of enchant weapon {unknown}
 i - 4 scrolls of identify {unknown}
 j - 2 scrolls of blinking {unknown}
 k - 3 scrolls of teleportation {unknown}
 l - a scroll of random uselessness {unknown}
 m - a scroll of enchant armour {unknown}
 p - a scroll of fog {unknown}
 q - a scroll of recharging {unknown}
Potions
 d - 2 potions of might
 u - a potion of invisibility
Comestibles
 f - 3 bread rations
 h - 4 chunks of flesh
 o - 4 meat rations


   Skills:
 * Level 4.0 Fighting
 - Level 2.8 Axes
 * Level 3.8 Armour
 + Level 1.0 Dodging
 * Level 3.7 Shields


You had 4 spell levels left.
You didn't know any spells.

Dungeon Overview and Level Annotations

Branches:
Dungeon (3/15)

Altars:
Ashenzari
Pakellas
Ru

Annotations:
D:3 Grinder


Innate Abilities, Weirdness & Mutations

You have sharp toenails.
You are partially covered in large bone plates (AC +2, SH +2).
You are immune to rotting.


Message History

Grinder hits you.
You writhe in agony.
You hit Grinder.
Grinder is lightly wounded.
Grinder gestures at you. Pain shoots through your body! Grinder hits you!
* * * LOW HITPOINT WARNING * * *
You writhe in agony.
* * * LOW HITPOINT WARNING * * *
You are too injured to fight recklessly!
You are too injured to fight recklessly!
You are too injured to fight recklessly!
You are too injured to fight recklessly!
You are too injured to fight recklessly!
You are too injured to fight recklessly!
You hit Grinder but do no damage.
Grinder is lightly wounded.
Grinder hits you.
* * * LOW HITPOINT WARNING * * *
You writhe in agony.
You die...

#. #. #. #. #.# #. #.#
######
##!#####.######.....
...............>### . #.
#...........# ...
#5#####..##.##..#.#
.%...#.@.......#.##..#..
........###).#.#.##..#.#
.....#..# #)[#.#.##..#.#
........# #..#.#.##..#.#
.....#..# #..#.#.##..#.#
.....#... ..............
#### ##.###..#.#.#####.#
#.. .....#.#####.# ##.
#.## ........#


You could see Grinder.

Vanquished Creatures
  A howler monkey (D:3)
  An orc priest (D:3)
  3 adders
  4 gnolls (D:2)
  8 worms
  A dart slug (D:2)
  3 giant geckos
  8 orcs (D:3)
  A ball python (D:3)
  5 bats
  5 giant cockroaches
  3 goblins
  9 hobgoblins
  A quokka (D:2)
  7 giant newts
  A jackal skeleton (D:2)
  7 kobolds
  6 rats
74 creatures vanquished.

Notes
Turn   | Place    | Note
--------------------------------------------------------------
     0 | D:1      | Joat the Demonspawn Fighter began the quest for the Orb.
     0 | D:1      | Reached XP level 1. HP: 18/18 MP: 1/1
   204 | D:1      | Gained mutation: You are partially covered in large bone plates (AC +2, SH +2). [demonic ancestry]
   204 | D:1      | Reached XP level 2. HP: 13/24 MP: 2/2
   522 | D:1      | Gained mutation: You have sharp toenails. [demonic ancestry]
   522 | D:1      | Reached XP level 3. HP: 29/29 MP: 3/3
   980 | D:2      | Found a shattered altar of Ashenzari.
  1032 | D:2      | Found an oddly glowing altar of Pakellas.
  1182 | D:2      | Reached XP level 4. HP: 26/35 MP: 4/4
  1890 | D:2      | Found a sacrificial altar of Ru.
  2179 | D:3      | HP: 2/52 [poisoned by an adder]
  2184 | D:3      | HP: 1/52 [poisoned by an adder]
  2189 | D:3      | Gained mutation: You are immune to rotting. [demonic ancestry]
  2189 | D:3      | Reached XP level 5. HP: 1/41 MP: 5/5
  2709 | D:3      | Reached skill level 4 in Fighting
  2709 | D:3      | Reached skill level 1 in Dodging
  2862 | D:3      | Noticed Grinder
  2863 | D:3      | Paralysed by Grinder for 3 turns
  2873 | D:3      | HP: 2/42 [Grinder (4)]
  2873 | D:3      | Slain by Grinder

Skill      XL: |  1  2  3  4  5 |
---------------+----------------+-----
Armour         | 3 |  3.8
Axes           | 2 |  2.8
Shields        | 3 |  3.7
Fighting       | 4 |  4.0
Dodging        | 1 |  1.0

Action                   |  1- 3 |  4- 6 || total
-------------------------+-------+-------++-------
Melee: War axe           |   148 |   142 ||   290
       Kick              |    18 |    32 ||    50
  Use: Potion            |       |     4 ||     4
 Stab: Invisible         |       |     1 ||     1
  Eat: Chunk             |     1 |     4 ||     5
       Meat ration       |       |     1 ||     1
Armor: Scale mail        |    48 |    53 ||   101
       Skin              |       |    15 ||    15
       Chain mail        |       |     5 ||     5
Dodge: Dodged            |    51 |    37 ||    88
Block: Shield            |   101 |    95 ||   196
